cohdb
Replays
Latest Replays
All Replays
Popular Replays
Top Player Replays
Match Explorer
How It Works
Community
CoH3 Stats
Reddit
Sign in to upload your games and track your stats! →
Sign in with Steam
the hunt for reakly continues
Match 30792901
Overview
Messages
Build Orders
End
Kettenkrad Recon Vehicle
Selects Italian Coastal Battlegroup
Selects Coastal Reserves
Coastal Reserve
Construct Infanterie Kompanie
Grenadier Squad
MG 42 Machine Gun Team
Grenadier Squad
Infanterie Officer Quarters
Grenadier Squad
Construct Panzergrenadier Kompanie
Selects Support Bunkers
Panzergrenadier Squad
Selects Rapid Fortifications
Rapid Fortifications
Medical Bunker
Pak 40 Anti-tank Gun Team
Panzergrenadier Squad
Selects Artillery Officer
Panzergrenadier Officer Quarters
Construct Panzer Kompanie
Stoßtruppen Squad
Panzer IV Medium Tank
Pioneer Squad
Panzer IV Medium Tank
Selects Coastal Wall
Selects Call the Reserves!
Rapid Fortifications
truest IIGaryII of them ALL
Reakly
0
0
Comments
sign in to comment!
No comments posted yet!